 Dungeon Crawl Stone Soup version 0.28.0-1-gb440e238dd (webtiles) character file.

Game seed: 2210769924182773039

5215 smarlow the Thaumaturge (level 10, -3/75 HPs)
             Began as a Djinni Hedge Wizard on Feb 25, 2022.
             Was a Believer of Makhleb.
             Slain by a two-headed ogre (26 damage)
             ... on level 9 of the Dungeon.
             The game lasted 01:03:43 (20468 turns).

smarlow the Thaumaturge (Djinni Hedge Wizard)      Turns: 20468, Time: 01:03:43

Health: -3/75      AC:  8    Str:  8 (9)  XL:     10   Next: 91%
Gold:   2110       EV: 13    Int: 19 (22) God:    Makhleb [**....] SH:  0 Dex: 11 (13)

rFire   + + .      SeeInvis +   o - +6 short sword (antimagic)
rCold   + + .      Faith    .   i - orb {mayhem}
rNeg    . . .      Spirit   .   p - +4 skin of Zhor {*Englaciate rC+++ SInv}
rPois   ∞          Reflect  .   c - +2 hat
rElec   .          Harm     .   (no cloak)
rCorr   .          Rampage  .   (no gloves)
Will    +....                   (boots unavailable)
Stlth   ++........              (no amulet)
HPRegen 0.22/turn               e - ring of wizardry
MPRegen 0.00/turn               (no ring)

@: flying
A: sickness immunity, fire resistance 2, cold vulnerability 1, float, innate
caster, HP casting, extra vitality 1, clever 1
a: Renounce Religion, Minor Destruction


You were on level 9 of the Dungeon.
You worshipped Makhleb.
Makhleb was pleased with you.
You visited 2 branches of the dungeon, and saw 10 of its levels.

You collected 2599 gold pieces.
You spent 489 gold pieces at shops.

Inventory:

Hand Weapons
 j - a +0 short sword
 o - a +6 antimagic short sword (weapon)
Missiles
 g - 4 throwing nets
 k - 4 atropa-tipped darts
 v - 2 silver javelins
Armour
 b - a +0 robe
 c - a +2 hat (worn)
 i - an orb of mayhem (worn)
 p - the +4 skin of Zhor (worn) {*Englaciate rC+++ SInv}
   (You found it on level 3 of the Dungeon)

   It radiates cold, occasionally slowing all nearby creatures who are not
   resistant to cold.
   rC:        It renders you almost immune to cold.
   SInv:      It lets you see invisible.
Jewellery
 e - a ring of wizardry (left hand)
Wands
 d - a wand of mindburst (4)
 l - a wand of acid (7)
Scrolls
 f - 2 scrolls of teleportation
 h - a scroll of immolation {unknown}
 m - a scroll of vulnerability
 q - a scroll of acquirement
 t - a scroll of fog {unknown}
 u - a scroll of noise {unknown}
Potions
 a - 2 potions of degeneration
 n - 4 potions of curing
 w - a potion of flight {unknown}
 x - a potion of invisibility
 z - a potion of might


   Skills:
 - Level 7.0 Fighting
 - Level 5.5 Short Blades
 - Level 2.2 Armour
 - Level 5.5 Dodging
 - Level 3.4 Stealth
 * Level 8.4 Spellcasting


You had 3 spell levels left.
You knew the following spells:

 Your Spells              Type           Power      Damage    Failure   Level
a - Magic Dart            Conj           100%       1d8       1%          1
b - Blink                 Tloc           80%        N/A       1%          2
c - Call Imp              Summ           40%        N/A       1%          2
d - Slow                  Hex            100%       N/A       1%          1
e - Conjure Flame         Conj/Fire      40%        6-21      1%          3
f - Mephitic Cloud        Conj/Pois/Air  40%        N/A       1%          3
g - Summon Small Mammal   Summ           100%       N/A       1%          1
h - Ensorcelled Hibernat  Hex/Ice        80%        N/A       1%          2
i - Portal Projectile     Hex/Tloc       80%        N/A       1%          3
j - Anguish               Hex/Necr       20%        N/A       1%          4
Your spell library was empty.

Dungeon Overview and Level Annotations

Branches:
Dungeon (9/15)             Temple (1/1) D:5            Lair (0/6) D:9
    Orc: D:9-12

Altars:
Ashenzari
Cheibriados
Dithmenos
Elyvilon
Fedhas
Gozag
Hepliaklqana
Kikubaaqudgha
Makhleb
Nemelex Xobeh
Qazlal
Ru
Sif Muna
Trog
Uskayaw
Vehumet
Xom
Yredelemnul
Zin
The Shining One

Shops:
D:6 !   D:8 !


Innate Abilities, Weirdness & Mutations

You are immune to sickness and miasma.
You are immune to poison.
Your flesh is very heat resistant. (rF++)
You are vulnerable to cold. (rC-)
You float through the air rather than walking.
You learn spells naturally, not from books.
Your magical power is your life essence.
You have superior vitality. (+4 MHP)
Your mind is acute. (Int +2)


Message History

Casting: Magic Dart (safe; 1% risk of failure)
Confirm with . or Enter, or press ? or * to list all spells.
Aiming: Mephitic Cloud (safe; 1% risk of failure)
Press: ? - help, Shift-Dir - straight line, f/p - two-headed ogre
Aim: a two-headed ogre, wielding two +0 giant clubs (lightly wounded, chance to affect: 53%)
The ball explodes into a vile cloud!
The stinking cloud engulfs the two-headed ogre but does no damage.
The two-headed ogre is lightly wounded.
You hear a shout!
The two-headed ogre is engulfed in noxious fumes.
Aiming: Magic Dart (safe; 1% risk of failure)
Press: ? - help, Q - select action, (/) - cycle Shift-Dir - straight line, f/p - two-headed ogre
Aim: a two-headed ogre, wielding two +0 giant clubs (noxious fumes, lightly wounded, 100% to hit)
The magic dart hits the two-headed ogre!
The two-headed ogre is moderately wounded.
The two-headed ogre is engulfed in noxious fumes.
The two-headed ogre appears confused.
The two-headed ogre is engulfed in noxious fumes.
The two-headed ogre appears confused.
The two-headed ogre barely misses you.
The two-headed ogre hits you with a +0 giant club!
There is an open door here.
You hit the two-headed ogre.
The two-headed ogre is moderately wounded.
You hit the two-headed ogre.
The two-headed ogre is moderately wounded.
The two-headed ogre is engulfed in noxious fumes.
The two-headed ogre appears confused.
Aiming: Magic Dart (safe; 1% risk of failure)
Press: ? - help, Q - select action, (/) - cycle Shift-Dir - straight line, f/p - two-headed ogre
Aim: a two-headed ogre, wielding two +0 giant clubs (moderately wounded, confused, 100% to hit)
The magic dart hits the two-headed ogre but does no damage.
The two-headed ogre is moderately wounded.
Aiming: Magic Dart (safe; 1% risk of failure)
Press: ? - help, Q - select action, (/) - cycle Shift-Dir - straight line, f/p - two-headed ogre
Aim: a two-headed ogre, wielding two +0 giant clubs (moderately wounded, confused, 100% to hit)
The magic dart hits the two-headed ogre!
The two-headed ogre is heavily wounded.
The two-headed ogre hits you with a +0 giant club!!
You die...

.##'###.....# #.......#....
......#.....# #.....>.#....
......#.....##############....
......#.....#.................
§≈≈.....'#####.................
≈≈≈§§≈..........................
≈≈≈≈≈≈≈≈.§.......................
§≈≈≈§≈......O##+####....####..
§≈≈≈≈≈§......@.....#....'..#..
§.§≈≈≈§......#.....#....#..#..
..≈≈≈§§§.....####+##....##.#..
#kk≈≈≈≈§..#####......#'###.##.
##k≈≈≈§≈§.# #......#...#.(#.
#.§≈≈§≈..# #......#...#..'.
#..§≈§≈...# #......#...#..#.
.§≈§§§≈...# #......##'###'#.
..≈§≈≈≈.O## ####.............


You could see a two-headed ogre (confused).

Vanquished Creatures
  A two-headed ogre (D:5)
  A shadow (D:7)
  Grum (D:8)
  A steam dragon (D:7)
  Duvessa (D:5)
  An acid dragon (D:9)
  2 water moccasins
  2 ice beasts (D:7)
  A black bear (D:4)
  A sky beast (D:8)
  An ogre (D:6)
  A centaur (D:5)
  3 wolves
  2 phantoms
  4 gnoll sergeants (D:6)
  3 scorpions
  Dowan (D:5)
  3 killer bees (D:8)
  2 howler monkeys
  2 bullfrog zombies (D:6)
  5 hounds
  2 jellies
  2 centaur zombies
  2 orc priests
  A centaur skeleton (D:7)
  3 gnoll shamans (D:6)
  An iguana (D:7)
  4 orc wizards
  2 killer bee zombies
  2 hound skeletons (D:4)
  26 gnolls
  5 adders
  A shadow imp (D:7)
  2 white imps
  An ufetubus (D:5)
  An adder zombie (D:5)
  A worm (D:3)
  3 dart slugs
  18 orcs
  6 ball pythons
  3 bats
  7 endoplasms
  A giant cockroach (D:3)
  5 goblins
  6 hobgoblins
  10 jackals
  12 kobolds
  7 quokkas
  4 frilled lizards
  4 rats
181 creatures vanquished.

Vanquished Creatures (collateral kills)
  Prince Ribbit (D:5)
  A water moccasin (D:7)
  An orc warrior (D:9)
  An ice beast (D:7)
  A wolf (D:8)
  2 kobold brigands
  A phantom (D:6)
  A scorpion (D:5)
  A centaur zombie (D:6)
  A hound (D:6)
  An orc priest (D:9)
  2 centaur skeletons
  An iguana (D:6)
  An orc wizard (D:9)
  3 gnolls (D:6)
  3 adders
  A worm (D:2)
  4 orcs
  An endoplasm (D:1)
  A ball python (D:1)
  4 kobolds (D:9)
33 creatures vanquished.

Vanquished Creatures (others)
  An orc (D:7)
  A jackal (D:6)
2 creatures vanquished.

Grand Total: 216 creatures vanquished

Notes
Turn   | Place    | Note
-------+----------+-------------------------------------------
     0 | D:1      | smarlow the Djinni Hedge Wizard began the quest for the
                  | Orb.
     0 | D:1      | Reached XP level 1. HP: 15/15 MP: 0/0
   540 | D:1      | Reached XP level 2. HP: 13/22 MP: 0/0
  1333 | D:1      | Reached XP level 3. HP: 23/26 MP: 0/0
  1333 | D:1      | Learned a level 1 spell: Summon Small Mammal
  1384 | D:1      | Reached skill level 1 in Fighting
  2004 | D:2      | Reached XP level 4. HP: 26/32 MP: 0/0
  2282 | D:2      | Reached skill level 3 in Spellcasting
  3110 | D:3      | Reached XP level 5. HP: 24/38 MP: 0/0
  3110 | D:3      | Learned a level 2 spell: Ensorcelled Hibernation
  3491 | D:3      | Found a faded altar of an unknown god.
  4360 | D:3      | Found the +4 skin of Zhor {*Englaciate rC+++ SInv}
  4591 | D:3      | Reached XP level 6. HP: 40/43 MP: 0/0
  5953 | D:4      | Reached skill level 1 in Armour
  6001 | D:4      | Noticed a black bear
  6539 | D:4      | Killed a black bear
  6540 | D:4      | Reached skill level 4 in Spellcasting
  6540 | D:4      | Reached XP level 7. HP: 28/49 MP: 0/0
  6540 | D:4      | Learned a level 3 spell: Portal Projectile
  6723 | D:4      | Found a bloodstained altar of Trog.
  6746 | D:4      | Found a snail-covered altar of Cheibriados.
  6746 | D:4      | Found a basalt altar of Yredelemnul.
  6749 | D:4      | Found a shadowy altar of Dithmenos.
  6938 | D:4      | Found a glowing silver altar of Zin.
  7069 | D:5      | Entered Level 5 of the Dungeon
  7094 | D:5      | Noticed a two-headed ogre
  7232 | D:5      | Found a staircase to the Ecumenical Temple.
  7396 | D:5      | HP: 1/50 [centaur/arrow (7)]
  7997 | D:7      | Identified 3 scrolls of acquirement
  7997 | D:7      | Acquired 1079 gold pieces
  7998 | D:7      | Acquired 973 gold pieces
  8017 | D:7      | Reached XP level 8. HP: 48/56 MP: 0/0
  8075 | D:7      | Reached skill level 1 in Short Blades
  8314 | D:7      | Noticed a manticore
  9178 | D:5      | Noticed Prince Ribbit
  9517 | D:5      | Killed a two-headed ogre
  9518 | D:5      | Reached skill level 5 in Dodging
  9518 | D:5      | Reached skill level 5 in Spellcasting
  9518 | D:5      | Reached XP level 9. HP: 37/63 MP: 0/0
  9518 | D:5      | Learned a level 4 spell: Anguish
  9521 | Temple   | Entered the Ecumenical Temple
  9811 | Temple   | Became a worshipper of Makhleb the Destroyer
 10416 | D:5      | Noticed Dowan
 10417 | D:5      | Noticed Duvessa
 10472 | D:6      | Reached skill level 6 in Spellcasting
 10864 | D:6      | Found a shimmering altar of Xom.
 11196 | D:5      | Killed Prince Ribbit
 11197 | D:5      | Reached skill level 5 in Fighting
 11693 | D:6      | Found Homak's Distillery.
 11740 | D:6      | Bought a potion of curing for 33 gold pieces
 11964 | D:5      | Reached * piety under Makhleb
 12431 | D:5      | Killed Dowan
 12501 | D:5      | Killed Duvessa
 13086 | D:6      | Reached XP level 10. HP: 52/72 MP: 0/0
 13397 | D:6      | Reached skill level 7 in Spellcasting
 14408 | D:8      | Noticed Grum
 14702 | D:7      | Found a runed translucent door.
 14919 | D:7      | Reached skill level 5 in Short Blades
 15073 | D:7      | Noticed a cyan ugly thing
 15257 | D:8      | Found Qifova Toge's Distillery.
 15430 | D:8      | Bought a potion of invisibility for 80 gold pieces
 15430 | D:8      | Bought a potion of heal wounds for 50 gold pieces
 15430 | D:8      | Bought a potion of might for 40 gold pieces
 15430 | D:8      | Bought a potion of mutation for 80 gold pieces
 15430 | D:8      | Bought a potion of curing for 30 gold pieces
 15431 | D:8      | Gained mutation: You are partially covered in iridescent
                  | scales. (AC +2) [potion of mutation]
 15431 | D:8      | Gained mutation: You do not regenerate when monsters are
                  | visible. [potion of mutation]
 15431 | D:8      | Gained mutation: You possess an exceptional clarity of
                  | mind. [potion of mutation]
 15517 | D:8      | Noticed a +0 short sword
 15517 | D:8      | Noticed a +0 spear
 15518 | D:8      | Noticed a +0 spear
 15519 | D:8      | Noticed a +0 dagger
 15520 | D:8      | Noticed a +0 dagger
 15520 | D:8      | Noticed a +0 falchion
 15521 | D:8      | Noticed a +0 falchion
 15521 | D:8      | Noticed a +0 short sword
 15584 | D:8      | Noticed a fire crab
 15614 | D:8      | Found a hide-covered altar of Uskayaw.
 16822 | D:8      | Noticed a salamander
 16822 | D:8      | a culicivora changed into a salamander
 16824 | D:8      | Noticed a yaktaur
 16824 | D:8      | a salamander changed into a yaktaur
 16914 | D:7      | HP: 3/73 [shadow (5)]
 17276 | D:8      | Killed Grum
 17638 | D:6      | Bought a potion of mutation for 88 gold pieces
 17638 | D:6      | Bought a potion of mutation for 88 gold pieces
 17638 | D:6      | Lost mutation: You do not regenerate when monsters are
                  | visible. [potion of mutation]
 17638 | D:6      | Lost mutation: You are partially covered in iridescent
                  | scales. (AC +2) [potion of mutation]
 17638 | D:6      | Lost mutation: You possess an exceptional clarity of mind.
                  | [potion of mutation]
 17638 | D:6      | Gained mutation: You are clumsy. (Dex -2) [potion of
                  | mutation]
 17638 | D:6      | Gained mutation: Your movements are slightly less
                  | encumbered by armour. (ER -2) [potion of mutation]
 17639 | D:6      | Lost mutation: Your movements are slightly less encumbered
                  | by armour. (ER -2) [potion of mutation]
 17639 | D:6      | Lost mutation: You are clumsy. (Dex -2) [potion of
                  | mutation]
 17639 | D:6      | Gained mutation: Your mind is acute. (Int +2) [potion of
                  | mutation]
 18205 | D:8      | Reached skill level 8 in Spellcasting
 18898 | D:9      | Reached ** piety under Makhleb
 19147 | D:9      | Found a staircase to the Lair.
 19153 | D:9      | Identified the +1 robe "Zikhlaes" {Fly rElec rC+ SInv}
 20407 | D:9      | Noticed a lindwurm
 20408 | D:9      | Noticed a lindwurm
 20417 | D:9      | Noticed a lindwurm
 20428 | D:9      | Noticed a lindwurm
 20447 | D:9      | Noticed a two-headed ogre
 20468 | D:9      | Slain by a two-headed ogre

Illustrated notes

Levels and vault maps discovered:
D:1:      psy_arrival_terrarium, layout_basic
D:2:      layout_basic, minmay_fractal_squares_gapless_5
D:3:      layout_loops_ring, shapermc_ecumenical_altar_ellora,
          kennysheep_small_spiral
D:4:      layout_loops_corners, zin_academy, minitemple
D:5:      layout_basic, minmay_temple_entry_slanted,
          hangedman_abyss_or_decor_stagger, uniq_prince_ribbit1, uniq_duvessa
D:6:      layout_cave_pools, mainiacjoe_overflow_brackets, serial_gnoll_camp,
          gnoll_camp_huts_moat, gnoll_camp_mini_shop, gnoll_camp_mini_basic,
          gnoll_camp_mini_hut, gnoll_camp_medium_01, gnoll_camp_mini_hut,
          grunt_decor_cap
D:7:      minmay_the_grid_triangle_9x9_rhombus_full
          [minmay_the_grid_triangle_9x9_subtriangle,
          minmay_the_grid_triangle_9x9_minimal,
          minmay_the_grid_triangle_9x9_sprig,
          minmay_the_grid_triangle_9x9_windchime,
          minmay_the_grid_triangle_9x9_descending_squares,
          minmay_the_grid_triangle_9x9_checkered,
          minmay_the_grid_triangle_9x9_semitri,
          minmay_the_grid_triangle_9x9_prize_center], layout_basic,
          nicolae_wu_jian_glorious_leap, chequers_avenue,
          minmay_manual_mandibuliform
D:8:      layout_loops_corners, nicolae_uskayaw_en_pointe, serial_shops,
          nicolae_shop_crystal, uniq_grum
D:9:      layout_gridville, lair_entry_dummy, minmay_lindwurm_lava
Temple:   minmay_temple_bridge_abc

Skill      XL: |  1  2  3  4  5  6  7  8  9 10 |
---------------+-------------------------------+-----
Fighting       | 1 2 3 4 5 7 |  7.0
Stealth        | 2 3 |  3.4
Spellcasting   | 3 4 5 6 8 |  8.4
Dodging        | 3 4 5 |  5.5
Armour         | 1 2 |  2.2
Short Blades   | 2 4 5 |  5.5

Action                   |  1- 3 |  4- 6 |  7- 9 | 10-12 || total
-------------------------+-------+-------+-------+-------++-------
Melee: Dagger            |    10 |       |       |       ||    10
       Short sword       |     4 |     8 |    39 |    88 ||   139
Throw: Throwing net      |       |       |     1 |       ||     1
 Cast: Magic Dart        |    81 |   185 |   289 |   359 ||   914
       Summon Small Mamm |     6 |    24 |    62 |    15 ||   107
       Mephitic Cloud    |       |     1 |     9 |     6 ||    16
       Conjure Flame     |       |     5 |     6 |       ||    11
       Call Imp          |       |     3 |    21 |     9 ||    33
       Blink             |       |     3 |    12 |    16 ||    31
       Ensorcelled Hiber |       |     2 |    12 |    21 ||    35
       Slow              |       |     1 |       |       ||     1
       Anguish           |       |       |     1 |       ||     1
Evoke: Wand              |       |       |       |     1 ||     1
  Use: Scroll            |     1 |     4 |     5 |    10 ||    20
       Potion            |       |       |     2 |     9 ||    11
 Stab: Sleeping          |       |     2 |     5 |     3 ||    10
       Confused          |       |       |     2 |     4 ||     6
       Distracted        |       |       |       |     1 ||     1
Armor: Robe              |     2 |     6 |       |       ||     8
       Animal skin       |       |     9 |    52 |    79 ||   140
Dodge: Dodged            |    26 |    45 |   139 |   150 ||   360
